 Dungeon Crawl Stone Soup version 0.21.0-30-g47ce8e4cbb (webtiles) character file.

175 GuyWithAPlan the Destroyer (level 5, -2/25 HPs)
             Began as a Tengu Conjurer on Jan 29, 2018.
             Was an Initiate of Hepliaklqana.
             Slain by Roak's ghost (10 damage)
             ... on level 3 of the Dungeon.
             The game lasted 00:08:11 (3557 turns).

GuyWithAPlan the Destroyer (Tengu Conjurer)         Turns: 3557, Time: 00:08:11

Health: -2/25      AC:  2    Str:  8    XL:     5   Next: 55%
Magic:  0/9        EV: 17    Int: 16    God:    Hepliaklqana [......]
Gold:   198        SH:  0    Dex: 15    Spells: 1/8 levels left

rFire    . . .     SeeInvis .   (no weapon)
rCold    . . .     Gourm    .   (no shield)
rNeg     . . .     Faith    .   a - +0 robe
rPois    .         Spirit   .   (helmet restricted)
rElec    .         Reflect  .   (no cloak)
rCorr    .         Harm     .   (no gloves)
MR       .....                  (boots unavailable)
Stlth    ++........             (no amulet)
HPRegen  0.08/turn              k - +2 ring of evasion
MPRegen  0.11/turn              (no ring)

@: flying quickly and evasively, quick
A: reduced essence, beak, talons 3, able to fly 1
a: Recall Ancestor, Ancestor Identity, Renounce Religion


You were on level 3 of the Dungeon.
You worshipped Hepliaklqana.
Hepliaklqana was noncommittal.
You were very hungry.

You visited 1 branch of the dungeon, and saw 3 of its levels.

You collected 198 gold pieces.

Inventory:

Armour
 a - a +0 robe (worn)
Jewellery
 k - a +2 ring of evasion (left hand)
Scrolls
 d - a scroll of teleportation {unknown}
 h - a scroll of identify {unknown}
 i - 4 scrolls of remove curse {unknown}
 l - 2 scrolls of amnesia {unknown}
 n - a scroll of fog {unknown}
 p - 3 scrolls of magic mapping {unknown}
Potions
 e - a potion of heal wounds {unknown}
 f - a potion of flight {unknown}
 g - a potion of degeneration {unknown}
 j - a potion of mutation {unknown}
 o - a potion of lignification {unknown}
Books
 b - a book of Conjurations

   Spells                             Type                      Level
   a - Magic Dart                     Conjuration                  1
   b - Searing Ray                    Conjuration                  2
   c - Dazzling Spray                 Conjuration/Hexes            3
   d - Fulminant Prism                Conjuration/Hexes            4
   e - Force Lance                    Conjuration/Translocation    4
   f - Iskenderun's Mystic Blast      Conjuration                  4
Comestibles
 c - 4 rations


   Skills:
 - Level 2.1 Dodging
 - Level 2.0 Stealth
 - Level 2.0 Spellcasting
 + Level 8.8 Conjurations


You had one spell level left.
You knew the following spells:

 Your Spells              Type           Power        Failure   Level  Hunger
a - Magic Dart            Conj           ####         1%          1    #......
b - Searing Ray           Conj           ####..       1%          2    ###....
c - Iskenderun's Mystic   Conj           ####....     5%          4    #####..


Dungeon Overview and Level Annotations

Branches:
Dungeon (3/15)

Altars:
Cheibriados
Hepliaklqana
The Shining One

Annotations:
D:3 Roak's ghost, amateur HaAM


Innate Abilities, Weirdness & Mutations

You have a beak for a mouth.
You have claws for feet.
You can fly.
Your life essence is reduced to manifest your ancestor. (-10% HP)


Message History

Roak's ghost is severely damaged.
Roak's ghost hits you.
PikaChuuuu hits Roak's ghost but does no damage.
Roak's ghost hits you!
* * * LOW HITPOINT WARNING * * *
PikaChuuuu hits Roak's ghost but does no damage.
There is an open door here.
As you close the door, it creaks loudly!
Roak's ghost opens the door.
You close the door.
Roak's ghost opens the door.
PikaChuuuu hits Roak's ghost but does no damage.
You close the door.
You open the door.
Roak's ghost barely misses PikaChuuuu.
PikaChuuuu barely misses Roak's ghost.
You close the door.
PikaChuuuu has departed this plane of existence.
You open the door.
You swoop lightly up into the air.
You feel very comfortable in the air.
You feel somewhat more hungry. Roak's ghost hits you!
You die...

#.#######.#.##########.##
######W#######.#.# ##### #.#
#...........##.#.####...# #.#
#...........##.#.#......###.##
####...........+....'............
...............##.#.#......##..##
.....#.........##.#.#......##..##
.....#.........##.#.#......##....
.....#...>.....'@...............#
.....#.........##W#.#..#........#
....R#.........##.#.##.#........#
##.............##.#.##.####.....#
#.............##'#..R..........#
#.....#...#........##.######.#.#
#.....#...#........+..R........#
##.....#...#........##.##........
.......#...#............#........


You could see Roak's ghost.

Vanquished Creatures
  2 orc wizards (D:3)
  4 adders
  4 oozes
  A dart slug (D:2)
  A leopard gecko (D:1)
  7 orcs (D:3)
  2 giant cockroaches
  5 goblins
  6 hobgoblins
  3 jackals (D:3)
  8 kobolds
  A quokka (D:3)
  A ball python (D:2)
  5 bats
  4 frilled lizards
  5 rats
59 creatures vanquished.

Vanquished Creatures (collateral kills)
  A dart slug (D:3)
  An orc (D:3)
2 creatures vanquished.

Vanquished Creatures (others)
  2 ancestors (D:3)
2 creatures vanquished.

Grand Total: 63 creatures vanquished

Notes
Turn   | Place    | Note
-------+----------+-------------------------------------------
     0 | D:1      | GuyWithAPlan the Tengu Conjurer began the quest for the Orb.
     0 | D:1      | Reached XP level 1. HP: 10/10 MP: 4/4
    51 | D:1      | Reached XP level 2. HP: 9/15 MP: 0/6
   209 | D:1      | Reached skill level 6 in Conjurations
   594 | D:1      | Reached XP level 3. HP: 19/19 MP: 4/7
  1375 | D:2      | Reached skill level 7 in Conjurations
  1547 | D:2      | Reached XP level 4. HP: 24/24 MP: 0/8
  2206 | D:3      | Reached skill level 8 in Conjurations
  2206 | D:3      | Gained mutation: You can fly. [Tengu growth]
  2206 | D:3      | Reached XP level 5. HP: 23/28 MP: 1/9
  2342 | D:3      | Found a hazy altar of Hepliaklqana.
  2349 | D:3      | Found a snail-covered altar of Cheibriados.
  2382 | D:3      | Became a worshipper of Hepliaklqana the Forgotten
  2407 | D:3      | Found a glowing golden altar of the Shining One.
  2449 | D:3      | Noticed Roak's ghost (amateur HaAM)
  2512 | D:2      | Learned a level 2 spell: Searing Ray
  2517 | D:2      | Learned a level 4 spell: Iskenderun's Mystic Blast
  3557 | D:3      | Slain by Roak's ghost

Skill      XL: |  1  2  3  4 |
---------------+-------------+-----
Conjurations   | 6 7 8 |  8.8
Dodging        | |  2.1
Stealth        | |  2.0
Spellcasting   | |  2.0

Action                   |  1- 3 |  4- 6 || total
-------------------------+-------+-------++-------
Melee: Unarmed           |     3 |     1 ||     4
 Cast: Magic Dart        |    69 |    76 ||   145
       Searing Ray       |       |     2 ||     2
       Iskenderun's Myst |       |     1 ||     1
Invok: Recall Ancestor   |       |     2 ||     2
       Ancestor Identity |       |     1 ||     1
 Abil: Fly               |       |     3 ||     3
  Eat: Chunk             |     2 |     8 ||    10
Armor: Robe              |     1 |       ||     1
Dodge: Dodged            |     5 |    19 ||    24
